 Dungeon Crawl Stone Soup version 0.19.5 (webtiles) character file.

358 Reinor the Ducker (level 6, -5/28 HPs)
             Began as a Spriggan Earth Elementalist on May 24, 2017.
             Killed by divine providence
             ... invoked by an orc priest
              (14 damage)
             ... on level 4 of the Dungeon.
             The game lasted 00:18:53 (4804 turns).

Reinor the Ducker (Spriggan Earth Elementalist)     Turns: 4804, Time: 00:18:53

Health: -5/28      AC:  3    Str: 12    XL:     6   Next: 37%
Magic:  5/14       EV: 20    Int: 19    God:
Gold:   157        SH:  0    Dex: 16    Spells: 4 memorised, 5 levels left

rFire  . . .     SeeInvis +     b - 116 stones
rCold  . . .     Gourm    .     c - +0 robe
rNeg   . . .     Faith    .     (shield restricted)
rPois  .         Spirit   .     (helmet restricted)
rElec  .         Reflect  .     x - +0 cloak
rCorr  .         Harm     .     (gloves unavailable)
MR     +....                    (boots unavailable)
Stlth  ++........               (no amulet)
                                u - +4 ring of strength
                                f - +4 ring of strength

@: very slightly contaminated, heavily drained, very quick
A: unfitting armour, see invisible, herbivore 3, speed 3, slow metabolism 2
a: no special abilities


You were on level 4 of the Dungeon.
You were hungry.

You visited 1 branch of the dungeon, and saw 4 of its levels.

You collected 157 gold pieces.

Inventory:

Missiles
 b - 116 stones (in hand)
Armour
 c - a +0 robe (worn)
 x - a +0 cloak (worn)
Jewellery
 f - a +4 ring of strength (left hand)
 m - an uncursed ring of ice
 u - a +4 ring of strength (right hand)
Wands
 s - a wand of lightning (9/15)
Scrolls
 a - 2 scrolls of remove curse
 p - a scroll of amnesia
 q - 3 scrolls of fear
Potions
 g - a potion of haste {unknown}
 i - 3 potions of brilliance
 j - a potion of might
 k - a potion of berserk rage {unknown}
 n - 2 potions of curing {unknown}
 o - a potion of beneficial mutation {unknown}
 v - 2 potions of invisibility {unknown}
 w - a potion of heal wounds {unknown}
Books
 e - a book of Geomancy

   Spells                             Type                      Level
   a - Sandblast                      Earth                        1
   b - Passwall                       Transmutation/Earth          2
   c - Stone Arrow                    Conjuration/Earth            3
   d - Petrify                        Transmutation/Earth          4
   e - Lee's Rapid Deconstruction     Earth                        5
Comestibles
 d - 2 bread rations


   Skills:
 + Level 6.4(4.9) Dodging
 - Level 3.0(1.5) Stealth
 + Level 5.2(3.7) Spellcasting
 - Level 1.3(0.0) Transmutations
 + Level 4.1(2.6) Earth Magic


You had 5 spell levels left.
You knew the following spells:

 Your Spells              Type           Power        Failure   Level  Hunger
a - Sandblast             Erth           ##....       6%          1    None
b - Passwall              Tmut/Erth      #.........   14%         2    ##.....
c - Stone Arrow           Conj/Erth      #.....       28%         3    ###....
d - Petrify               Tmut/Erth      #.......     85%         4    ####...


Dungeon Overview and Level Annotations

Branches:
Dungeon (4/15)
 Temple: D:4-7

Altars:
Nemelex Xobeh
Ru


Innate Abilities, Weirdness & Mutations

You are very small and have problems with some larger weapons.
You are too small for most types of armour.
You have supernaturally acute eyesight. (SInv)
You are a herbivore.
You cover ground extremely quickly.
You need consume almost no food.


Message History

Aiming: Sandblast
Press: ? - help, Shift-Dir - straight line, f/p - orc priest
Aim: an orc priest, wielding a club and wearing a ring mail (moderately wounded)
The rocky blast misses the orc priest.
The orc priest misses you.
The orc priest invokes the aid of Beogh against you.
Beogh smites you!
You hear a shout!
Casting: Sandblast
Confirm with . or Enter, or press ? or * to list all spells.
Aiming: Sandblast
Press: ? - help, Shift-Dir - straight line, f/p - orc priest
Aim: an orc priest, wielding a club and wearing a ring mail (moderately wounded)
You miscast Sandblast.
The floor shifts beneath you alarmingly!
The orc priest calls down the wrath of Beogh upon you.
You resist with significant effort.
The orc priest calls down the wrath of Beogh upon you.
Beogh smites you!
Ouch! That really hurt!
You die...

##...##########.#
#######.####........#
....###.###...#######
##..........#.#
###.###†###...# ###.#
#.# ##### ....# #.#
##### #.# #########
#.# #oo...@.#
#####†###o#####.#
#..........o..#.####
#.###.###.###......#
***,##...##.#####.##.#
,,,,#.....#..o.)..#*,*
,***##...##########*,*
,* ##.## *,* ,* #(#
*****,***


You could see an orc priest and 2 orcs.

Vanquished Creatures
  The ghost of turnburgler the Vandal, an amateur DDHu (D:3)
  2 orc wizards
  Crazy Yiuf (D:3)
  Natasha (D:2)
  Robin (D:2)
  3 adders
  An ooze (D:2)
  2 worms
  A dart slug (D:2)
  2 leopard geckos
  5 orcs (D:4)
  A ball python (D:2)
  9 bats
  8 giant cockroaches
  19 goblins
  10 hobgoblins
  13 jackals
  4 frilled lizards
  6 kobolds
  11 rats
101 creatures vanquished.

Notes
Turn   | Place    | Note
-------+----------+-------------------------------------------
     0 | D:1      | Reinor the Spriggan Earth Elementalist began the quest for the Orb.
     0 | D:1      | Reached XP level 1. HP: 9/9 MP: 5/5
   563 | D:1      | Reached XP level 2. HP: 13/13 MP: 2/7
   685 | D:1      | Found a sparkling altar of Nemelex Xobeh.
  1196 | D:1      | Reached skill level 4 in Dodging
  1413 | D:2      | Noticed Natasha
  1420 | D:2      | Killed Natasha
  1420 | D:2      | Reached XP level 3. HP: 16/16 MP: 0/8
  1524 | D:2      | Found a sacrificial altar of Ru.
  1538 | D:2      | Reached XP level 4. HP: 21/21 MP: 1/10
  1948 | D:2      | Reached skill level 5 in Dodging
  2190 | D:2      | Noticed Robin
  2252 | D:2      | Killed Robin
  2252 | D:2      | Reached XP level 5. HP: 15/24 MP: 0/12
  3228 | D:3      | Noticed turnburgler's ghost (amateur DDHu)
  3247 | D:3      | Learned a level 2 spell: Passwall
  3365 | D:3      | Learned a level 3 spell: Stone Arrow
  3370 | D:3      | Learned a level 4 spell: Petrify
  3902 | D:3      | Found a runed door.
  3907 | D:3      | Noticed Crazy Yiuf
  3911 | D:3      | Killed Crazy Yiuf
  4063 | D:3      | Killed turnburgler's ghost
  4063 | D:3      | Reached skill level 6 in Dodging
  4063 | D:3      | Reached skill level 5 in Spellcasting
  4063 | D:3      | Reached XP level 6. HP: 27/28 MP: 3/14
  4804 | D:4      | Killed from afar by an orc priest

Skill      XL: |  1  2  3  4  5 |
---------------+----------------+-----
Spellcasting   | 3 4 5 |  5.2
Dodging        | 4 5 6 |  6.4
Earth Magic    | 3 4 |  4.1
Stealth        | |  3.0
Transmutations | |  1.3

Action                   |  1- 3 |  4- 6 || total
-------------------------+-------+-------++-------
Melee: Unarmed           |     1 |    13 ||    14
 Cast: Sandblast         |    64 |   185 ||   249
  Use: Scroll            |       |     6 ||     6
Armor: Robe              |     4 |    14 ||    18
Dodge: Dodged            |    44 |   121 ||   165
